 Dungeon Sprint DCSS version 0.30-a0-122-g2a1322497e (webtiles) character file.

Game seed: 12157101895774512040

439 123456 the Fighter (level 6, -22/67 HPs)
             Began as a Minotaur Fighter on Sept 16, 2022.
             Was a Follower of Okawaru.
             Killed from afar by an acid dragon (23 damage)
             ... with a splash of acid
             ... in the Dungeon (Sprint IX: "|||||||||||||||||||||||||||||").
             The game lasted 00:00:57 (313 turns).

123456 the Fighter (Minotaur Fighter)                Turns: 313, Time: 00:00:58

Health: -22/67     AC: 11    Str: 20    XL:     6   Next: 70%
Magic:  5/5        EV:  9    Int:  8    God:    Okawaru [*.....]
Gold:   0          SH:  4    Dex: 12    Spells: 5/5 levels left

rFire   + . .      SeeInvis .    o - +2 morningstar (vorpal)
rCold   . . .      Faith    .    c - +0 buckler
rNeg    . . .      Spirit   .    n - +1 chain mail {rF+}
rPois   .          Reflect  .    (helmet restricted)
rElec   .          Harm     .    a - +0 cloak
rCorr   .          Rampage  .    (no gloves)
Will    .....      NoTele   +    (no boots)
Stlth   ..........               (no amulet)
HPRegen 0.21/turn                q - +3 ring of intelligence
MPRegen 0.09/turn                p - +2 ring of protection

@: corroded
A: horns 2, retaliatory headbutt
a: Renounce Religion, Heroism


You were in the Dungeon.
You worshipped Okawaru.
Okawaru was aware of your devotion.
You visited 1 branch

Inventory:

Hand Weapons
 o - a +2 vorpal morningstar (weapon)
Armour
 a - a +0 cloak (worn)
 c - a +0 buckler (worn)
 n - a +1 chain mail of fire resistance (worn)
Jewellery
 p - a +2 ring of protection (right hand)
 q - a +3 ring of intelligence (left hand)
Wands
 m - a wand of acid (10)
Scrolls
 j - 2 scrolls of blinking
 l - 2 scrolls of amnesia
Potions
 d - a potion of might
 e - 3 potions of curing
 f - 3 potions of heal wounds
 g - a potion of haste
 h - 4 potions of magic
 i - a potion of berserk rage
 k - a potion of invisibility


   Skills:
 * Level 10.7 Fighting
 * Level 10.3 Maces & Flails
 + Level 7.9 Armour
 + Level 6.3 Dodging
 - Level 3.6 Shields


You had 5 spell levels left.
You didn't know any spells.
Your spell library was empty.

Dungeon Overview and Level Annotations

Branches:
Dungeon (1/1)

Altars:
Cheibriados
Dithmenos
Elyvilon
Fedhas
Gozag
Hepliaklqana
Kikubaaqudgha
Makhleb
Nemelex Xobeh
Okawaru
Qazlal
Ru
Sif Muna
Trog
Uskayaw
Vehumet
Wu Jian
Xom
Yredelemnul
Zin
The Shining One
Jiyva
Lugonu


Innate Abilities, Weirdness & Mutations

You have a pair of horns on your head.
You reflexively headbutt those who attack you in melee.


Message History

The acid dragon bites you but does no damage.
The acid dragon claws you but does no damage.
The acid dragon bites you but does no damage.
The acid dragon closely misses you.
You hit the acid dragon. Your headbutt misses the acid dragon.
The acid dragon is heavily wounded.
The acid dragon barely misses you. The acid dragon closely misses you.
You sock the acid dragon!
You kill the acid dragon!
Okawaru accepts your kill.
The acid dragon bites you but does no damage.
The acid dragon claws you but does no damage.
Your Maces & Flails skill increases to level 10!
Your Dodging skill increases to level 6!
You hit the acid dragon.
The acid dragon is moderately wounded.
The acid dragon spits acid at you. The splash of acid hits you!!
* * * LOW HITPOINT WARNING * * *
The acid corrodes you!
You barely miss the acid dragon. You headbutt the acid dragon.
The acid dragon is heavily wounded.
You feel yourself speed up. The acid dragon bites you!
* * * LOW HITPOINT WARNING * * *
The acid dragon barely misses you. x2; The acid dragon closely misses you.
You closely miss the acid dragon.
The acid dragon is heavily wounded.
The acid dragon barely misses you. The acid dragon claws you.
* * * LOW HITPOINT WARNING * * *
You barely miss the acid dragon. Your headbutt misses the acid dragon.
The acid dragon is heavily wounded.
The acid dragon bites you.
* * * LOW HITPOINT WARNING * * *
The acid dragon barely misses you.
You hit the acid dragon. Your headbutt misses the acid dragon.
The acid dragon is severely wounded.
The acid dragon spits acid at you. The splash of acid hits you!!
You die... ▓▓▓▓▓▓▓▓▓▓▓▓▓▓▓▓▓▓▓▓▓▓▓▓ _______'..)..[..@D...... ▓▓▓▓▓▓▓▓▓▓▓▓▓▓▓▓▓▓▓▓▓▓▓▓

You could see an acid dragon (catching breath).

Vanquished Creatures
  An acid dragon (D)
  An orc warrior (D)
  2 kobold brigands (D)
  A hound (D)
  2 iguanas (D)
  2 orcs (D)
  A bat (D)
  A jackal (D)
  A kobold (D)
  2 rats (D)
14 creatures vanquished.

Vanquished Creatures (others)
  An orc wizard (D)
1 creature vanquished.

Grand Total: 15 creatures vanquished

Notes
Turn   | Place    | Note
-------+----------+-------------------------------------------
     0 | D        | 123456 the Minotaur Fighter began the quest for the Orb.
     0 | D        | Reached XP level 1. HP: 19/19 MP: 0/0
    13 | D        | Reached skill level 1 in Dodging
   121 | D        | Noticed a hound
   121 | D        | Noticed an iguana
   121 | D        | Noticed an iguana
   124 | D        | Killed a hound
   125 | D        | Reached skill level 5 in Fighting
   125 | D        | Reached skill level 5 in Maces & Flails
   125 | D        | Reached XP level 2. HP: 30/30 MP: 1/1
   125 | D        | Reached XP level 3. HP: 37/37 MP: 2/2
   131 | D        | Reached skill level 5 in Armour
   137 | D        | Reached XP level 4. HP: 35/45 MP: 3/3
   209 | D        | Found a snail-covered altar of Cheibriados.
   209 | D        | Found a shadowy altar of Dithmenos.
   209 | D        | Found a white marble altar of Elyvilon.
   209 | D        | Found a blossoming altar of Fedhas.
   209 | D        | Found an opulent altar of Gozag.
   210 | D        | Found a hazy altar of Hepliaklqana.
   211 | D        | Found a viscous altar of Jiyva.
   212 | D        | Found an ancient bone altar of Kikubaaqudgha.
   213 | D        | Found a corrupted altar of Lugonu.
   214 | D        | Found a burning altar of Makhleb.
   215 | D        | Found a sparkling altar of Nemelex Xobeh.
   216 | D        | Found an iron altar of Okawaru.
   217 | D        | Found a stormy altar of Qazlal.
   218 | D        | Found a sacrificial altar of Ru.
   219 | D        | Found a shimmering blue altar of Sif Muna.
   220 | D        | Found a bloodstained altar of Trog.
   221 | D        | Found a hide-covered altar of Uskayaw.
   222 | D        | Found a radiant altar of Vehumet.
   223 | D        | Found an ornate altar of the Wu Jian Council.
   224 | D        | Found a shimmering altar of Xom.
   228 | D        | Became a worshipper of Warmaster Okawaru
   232 | D        | Found a basalt altar of Yredelemnul.
   233 | D        | Found a glowing silver altar of Zin.
   234 | D        | Found a glowing golden altar of the Shining One.
   283 | D        | Noticed a kobold brigand
   283 | D        | Noticed an orc warrior
   283 | D        | Noticed a kobold brigand
   283 | D        | Noticed an acid dragon
   283 | D        | Noticed an acid dragon
   286 | D        | Killed a kobold brigand
   287 | D        | Reached XP level 5. HP: 53/53 MP: 4/4
   294 | D        | Killed an orc warrior
   294 | D        | Reached * piety under Okawaru
   295 | D        | Reached skill level 5 in Dodging
   303 | D        | Reached skill level 10 in Fighting
   303 | D        | Reached XP level 6. HP: 22/66 MP: 5/5
   308 | D        | Killed an acid dragon
   309 | D        | Reached skill level 10 in Maces & Flails
   311 | D        | HP: 2/67 [acid dragon (2)]
   313 | D        | Killed from afar by an acid dragon

Illustrated notes

Levels and vault maps discovered:
D:        linesprint [early_d, line_temple, items_1, d_10, items_2, lair_1,
          lair_end, items_3, orc_1, orc_end, items_4, d_15, swamp_1, shoals_1,
          snake_1, spider_1, d_20, vaults_1, items_5, swamp_end, shoals_end,
          snake_end, spider_end, vaults_end, d_27, items_6, zot_1, zot_end,
          crypt_end, forest_end, elf_end, slime_end, tomb_end, abyss_end,
          pan_hell_end]

Skill      XL: |  1  2  3  4  5  6 |
---------------+-------------------+-----
Fighting       | 5 6 8 10 | 10.7
Maces & Flails | 5 6 7 9 10 | 10.3
Dodging        | 2 3 4 5 6 |  6.3
Armour         | 4 5 6 7 |  7.9
Shields        | |  3.6

Action                   |  1- 3 |  4- 6 || total
-------------------------+-------+-------++-------
Melee: Flail             |    29 |       ||    29
       Headbutt          |     7 |     6 ||    13
       Morningstar       |       |    25 ||    25
  Use: Potion            |       |     2 ||     2
Armor: Scale mail        |     9 |       ||     9
       Chain mail        |       |    16 ||    16
Dodge: Dodged            |    11 |     9 ||    20
Block: Buckler           |     7 |     6 ||    13

Table legend: (Time is in decaauts)
 A = Elapsed time spent in this place.
 B = Non-inter-level travel time spent in this place.
 C = Inter-level travel time spent in this place.
 D = Time resting spent in this place.
 E = Time spent auto-exploring this place.
 F = Levels seen in this place.
 G = Mean time per level.
                   A        B        C        D        E       F      G
               +--------+--------+--------+--------+--------+-----+--------+
         Total |    328 |    328 |      0 |      0 |    177 |   1 |  328.0 |
       Dungeon |    328 |    328 |      0 |      0 |    177 |   1 |  328.0 |
               +--------+--------+--------+--------+--------+-----+--------+

Top non-repeatable levels by time:
       D: 328 daAuts
